 Dungeon Crawl Stone Soup version 0.22-a0-362-g535178c (webtiles) character file.

21 iamserjio the Ruffian (level 2, -1/25 HPs)
             Began as a Naga Transmuter on Apr 20, 2018.
             Slain by a jackal (2 damage)
             ... on level 1 of the Dungeon.
             The game lasted 00:04:07 (1132 turns).

iamserjio the Ruffian (Naga Transmuter)             Turns: 1132, Time: 00:04:08

Health: -1/25      AC:  3    Str: 12    XL:     2   Next: 83%
Magic:  5/5        EV:  7    Int: 13    God:
Gold:   38         SH:  0    Dex: 11    Spells: 4/5 levels left

rFire    . . .     SeeInvis +     - Unarmed
rCold    . . .     Gourm    .   (no shield)
rNeg     . . .     Faith    .   o - +0 scale mail
rPois    +         Spirit   .   (no helmet)
rElec    .         Reflect  .   (no cloak)
rCorr    .         Harm     .   (no gloves)
MR       .....                  (no barding)
Stlth    ..........             (no amulet)
HPRegen  0.08/turn              (no ring)
MPRegen  0.09/turn              (no ring)

@: about to teleport, very slow
A: large, see invisible, deformed body, poison resistance, slowness 2, slow
metabolism 1, spit poison 1, AC +0
a: Spit Poison


You were on level 1 of the Dungeon.
You were not hungry.

You visited 1 branch of the dungeon, and saw 2 of its levels.

You collected 38 gold pieces.

Inventory:

Missiles
 a - 50 arrows
 f - 35 stones (quivered)
 g - 2 throwing nets
Armour
 b - a +0 robe
 o - a +0 scale mail (worn)
Scrolls
 c - 2 scrolls of enchant weapon {unknown}
 e - a scroll of immolation {unknown}
 h - a scroll of teleportation
 j - 2 scrolls of magic mapping {unknown}
 l - a scroll of fog {unknown}
 m - a scroll of remove curse {unknown}
Potions
 i - a potion of invisibility {unknown}
 k - a potion of degeneration {unknown}
Comestibles
 d - 5 rations


   Skills:
 - Level 1.0 Fighting
 - Level 1.5 Dodging
 + Level 1.6 Stealth
 * Level 3.5 Unarmed Combat
 - Level 2.0 Spellcasting
 + Level 2.3 Transmutations


You had 4 spell levels left.
You knew the following spells:

 Your Spells              Type           Power        Failure   Level  Hunger
a - Beastly Appendage     Tmut           #.....       47%         1    ##.....


Dungeon Overview and Level Annotations

Branches:
Dungeon (2/15)

Altars:

Annotations:
D:2 Robin


Innate Abilities, Weirdness & Mutations

You cannot wear boots.
Your serpentine skin is tough. (AC +0)
You have supernaturally acute eyesight. (SInv)
Armour fits poorly on your strangely shaped body.
Your system is resistant to poisons. (rPois)
You cover ground very slowly.
You have a slow metabolism.
You can spit poison.


Message History

You continue putting on your scale mail. x5
You finish putting on your +0 scale mail.
You climb downwards.
Level annotation: Robin 4 jackals and a worm come into view.
The jackal barks! x3
The jackal bites you. x3; The jackal closely misses you. x2
Found a sedimented brown potion and a runed silver ring.
There is a stone staircase leading up, spattered with blood here.
The jackal bites you. The jackal barely misses you. The jackal bites you. x2
You climb upwards.
There is a stone staircase leading down here.
As you read the scroll of teleportation, it crumbles to dust.
You feel strangely unstable. The jackal bites you. x2
The jackal barely misses you. The jackal completely misses you.
The worm bites you!
* * * LOW HITPOINT WARNING * * *
The jackal bites you but does no damage.
The jackal closely misses you. The jackal bites you.
You die...

#####.).### #Z# #....##
##...#...## ##### ##..##
###..#####..###...# ##.#
##...## ##...'.>.# ##)##
###..#############...#
#...#
#(..###........####.###
#.#.## #.###
#........##^#.#Z# ###..##
##.# #......wh####.#####
#...#
##..#####......h@##Z#...#Z#
#....
#..##..........hh######.###
##.## #.###.###........##
#Z#.#Z# #.## #.....#
#.........# ###.### #..#
#..#### #.........# #Z#.#Z#
#... .....#
#.........#####.### #...
.....# #.........##Z#..#^#
#... .....#
##############.#### #..#
.....# #Z#.#^# ####


You could see a worm and 4 jackals.

Vanquished Creatures
  An adder (D:2)
  A leopard gecko (D:1)
  2 goblins (D:1)
  2 hobgoblins (D:1)
  3 kobolds (D:1)
  A bat (D:1)
  A rat (D:1)
11 creatures vanquished.

Notes
Turn   | Place    | Note
-------+----------+-------------------------------------------
     0 | D:1      | iamserjio the Naga Transmuter began the quest for the Orb.
     0 | D:1      | Reached XP level 1. HP: 18/18 MP: 3/3
     0 | D:1      | Noticed a minotaur skeleton
    11 | D:1      | Noticed a minotaur skeleton
    15 | D:1      | Noticed a minotaur skeleton
   456 | D:1      | Reached skill level 1 in Stealth
   456 | D:1      | Reached XP level 2. HP: 24/25 MP: 5/5
   659 | D:2      | Noticed Robin
   880 | D:2      | Found a faded altar of an unknown god.
  1132 | D:1      | HP: 1/25 [worm (11)]
  1132 | D:1      | Slain by a jackal

Vault maps used:
D:1:      shiori_arrival_whats_in_store_for_you
D:2:      chequers_ecumenical_altar_simple_redux, uniq_robin

Skill      XL: |  1 |
---------------+----+-----
Stealth        | 1 |  1.6
Fighting       | |  1.0
Dodging        | |  1.5
Unarmed Combat | |  3.5
Spellcasting   | |  2.0
Transmutations | |  2.3

Action                   || total
-------------------------++-------
Melee: Unarmed           ||    31
       Punch             ||     1
 Abil: Spit Poison       ||     8
  Use: Scroll            ||     2
Armor: Robe              ||     6
       Scale mail        ||     1
Dodge: Dodged            ||    21

Table legend:
 A = Spawn XP
 B = Non-spawn XP
 C = Spawn XP percentage of total XP
 D = Spawn monster count
 E = Non-spawn monster count
 F = Spawn count percentage of total count
 G = Total turns spent on level
                    A         B        C        D         E        F      G
               +---------+---------+-------+---------+---------+-------+---------
         Total |       0 |      30 |   0.0 |       0 |      11 |   0.0 |  1132
               +---------+---------+-------+---------+---------+-------+---------
           D:1 |       0 |      17 |   0.0 |       0 |      10 |   0.0 |  1103
           D:2 |       0 |      13 |   0.0 |       0 |       1 |   0.0 |    29
               +---------+---------+-------+---------+---------+-------+---------
